Map: Interloper LE

Players

Myhome

  • Race: Protoss Protoss
  • League: Diamond
  • Spawn Location: 11:00

Lambda

  • Race: Protoss Protoss
  • League: Platinum
  • Spawn Location: 5:00

Yata

  • Race: Terran Terran
  • League: Gold

nani

  • Race: Terran Terran

VOD

Have the link to the VOD?

Description

Time

  • Played on: Aug. 31, 2017, 9:21 p.m.
  • Length: 18:16
Show
View Real Time Build Order
Export as new Build Order

Myhome Protoss 

Build Orders: Double Forge 

Get SALT Encoding   

  12  0:01  Probe (Chrono Boost)  
  13  0:11  Probe (Chrono Boost)  
  14  0:19  Pylon  
  14  0:26  Probe (Chrono Boost)  
  15  0:37  Probe (Chrono Boost)  
  15  0:39  Gateway  
  16  0:46  Assimilator  
  16  0:48  Probe (Chrono Boost)  
  17  0:59  Probe (Chrono Boost)  
  18  1:11  Probe (Chrono Boost)  
  19  1:21  Probe (Chrono Boost)  
  20  1:27  Cybernetics Core  
  20  1:31  Pylon  
  20  1:32  Probe (Chrono Boost)  
  21  1:43  Probe (Chrono Boost)  
  22  1:56  Nexus  
  22  2:06  Adept  
  24  2:09  Warp Gate  
  24  2:10  Probe (Chrono Boost)  
  24  2:14  Assimilator  
  25  2:22  Probe (Chrono Boost)  
  26  2:26  Gateway  
  26  2:35  Probe (Chrono Boost)  
  27  2:42  Adept  
  29  2:49  Mothership Core (Chrono Boost)  
  31  3:03  Stargate  
  31  3:10  Adept, Probe (Chrono Boost)  
  34  3:16  Probe (Chrono Boost)  
  35  3:21  Probe (Chrono Boost)  
  35  3:25  Adept  
  38  3:28  Probe (Chrono Boost)  
  38  3:32  Gateway  
  39  3:38  Pylon  
  39  3:41  Probe (Chrono Boost)  
  39  3:42  Probe (Chrono Boost)  
  39  3:46  Pylon  
  41  3:54  Forge  
  41  3:58  Forge  
  41  4:00  Probe x2 (Chrono Boost)  
  43  4:09  Oracle  
  46  4:10  Probe (Chrono Boost)  
  46  4:11  Probe (Chrono Boost)  
  46  4:15  Assimilator  
  48  4:20  Assimilator  
  48  4:21  Probe (Chrono Boost)  
  49  4:25  Adept  
  49  4:27  Adept  
  53  4:33  Protoss Ground Weapons Level 1 (Chrono Boost)  
  53  4:34  Probe (Chrono Boost)  
  53  4:35  Probe (Chrono Boost)  
  55  4:42  Protoss Shields Level 1 (Chrono Boost)  
  55  4:47  Pylon  
  55  4:53  Adept  
  55  4:54  Pylon  
  55  4:57  Adept  
  55  4:59  Probe (Chrono Boost)  
  60  5:00  Probe (Chrono Boost)  
  61  5:12  Probe x2 (Chrono Boost)  
  63  5:19  Gateway  
  63  5:24  Gateway, Probe x2 (Chrono Boost)  
  63  5:27  Gateway  
  65  5:32  Adept x2  
  69  5:38  Adept  
  69  5:39  Probe (Chrono Boost)  
  69  5:40  Probe (Chrono Boost)  
  73  5:54  Nexus  
  73  5:56  Probe x2 (Chrono Boost)  
  75  6:06  Adept  
  77  6:13  Pylon  
  77  6:18  Pylon  
  77  6:24  Probe  
  78  6:29  Pylon, Protoss Ground Armor Level 1 (Chrono Boost)  
  78  6:31  Probe  
  78  6:32  Pylon  
  79  6:34  Twilight Council  
  79  6:38  Adept x4  
  87  6:50  Pylon  
  87  6:58  Gateway  
  87  7:00  Gateway  
  87  7:03  Oracle  
  87  7:04  Robotics Facility  
  87  7:07  Adept x2  
  94  7:18  Stalker x3  
  94  7:20  Probe  
  94  7:21  Probe  
  102  7:24  Probe  
  102  7:31  Adept  
  102  7:32  Probe  
  102  7:33  Probe  
  88  7:52  Adept x3  
  88  7:57  Probe  
  88  7:58  Probe x2  
  88  8:15  Probe  
  88  8:17  Probe x2  
  89  8:28  Probe  
  89  8:29  Probe x2  
  92  8:34  Protoss Ground Weapons Level 2 (Chrono Boost)  
  92  8:44  Resonating Glaives  
  92  8:45  Pylon  
  92  8:48  Protoss Ground Armor Level 2 (Chrono Boost)  
  92  8:51  Adept  
  92  8:52  Adept  
  96  9:00  Templar Archives  
  94  9:05  Adept  
  94  9:08  Adept  
  84  9:17  Probe x2  
  76  9:38  Probe  
  76  9:39  Probe  
  76  9:40  Probe  
  70  9:49  Probe  
  70  9:52  Probe x2  
  69  9:59  Adept x2, Probe  
  66  10:19  Stalker  
  66  10:20  Stalker  
  68  10:22  Stalker  
  68  10:23  Probe  
  68  10:25  Probe  
  70  10:30  Probe  
  70  10:35  Probe  
  72  10:37  Probe  
  72  10:38  Stalker  
  72  10:41  Probe  
  75  10:47  Probe  
  75  10:49  Probe  
  77  10:51  Probe  
  77  10:54  Stalker  
  80  11:04  Probe  
  80  11:05  Probe x2  
  80  11:07  Adept x2  
  87  11:14  Warp Prism  
  86  11:18  Probe x2  
  86  11:19  Probe  
  89  11:35  High Templar x3  
  89  11:39  High Templar  
  97  11:41  Archon  
  97  11:43  Archon  
  97  11:45  Probe  
  97  11:46  Probe x2  
  100  11:50  Assimilator  
  100  11:51  Assimilator  
  94  12:06  High Templar  
  96  12:11  High Templar  
  98  12:16  Archon  
  96  12:26  Probe  
  96  12:27  Probe x2  
  97  12:31  Nexus  
  97  12:40  Zealot x2  
  97  12:41  Zealot x2, Nexus  
  88  13:12  Probe  
  88  13:14  Mothership Core, Probe  
  88  13:16  High Templar x2  
  88  13:17  High Templar  
  98  13:21  Archon  
  88  13:45  High Templar x2  
  88  13:47  High Templar x2  
  96  13:50  Archon  
  96  13:53  Observer  
  96  13:54  Stalker  
  99  14:07  Probe  
  99  14:08  Probe x2  
  102  14:11  Probe  
  103  14:21  High Templar x2  
  107  14:25  Adept x2  
  107  14:26  Adept x4  
  119  14:44  Gateway  
  115  14:46  Gateway  
  115  14:52  Gateway, Archon  
  115  14:55  Probe  
  115  14:56  Probe x2  
  118  15:12  Adept x6  
  118  15:13  Adept  
  124  15:16  Psionic Storm  
  120  15:23  Protoss Shields Level 2 (Chrono Boost)  
  120  15:24  Protoss Ground Weapons Level 3 (Chrono Boost)  
  120  15:25  Observer  
  121  15:30  Adept  
  121  15:32  Adept  
  121  15:33  Adept x2  
  122  15:52  Immortal  
  126  16:04  Probe  
  126  16:05  Probe x2  
  129  16:16  Nexus  
  129  16:20  Pylon  
  129  16:22  Probe  
  129  16:23  Pylon  
  129  16:24  Probe  
  131  16:32  Probe  
  131  16:34  Probe  
  131  16:40  Immortal  
  131  16:43  Probe  
  134  17:02  Stalker x2  
  134  17:03  Stalker x2  
  134  17:05  Probe x2  
  111  17:24  High Templar x6  
  111  17:25  High Templar x2  
  116  17:43  Archon  
  116  17:44  Archon x3  
  85  17:58  High Templar  
  85  17:59  High Templar  
  83  18:06  Archon  
Show
View Real Time Build Order
Export as new Build Order

Lambda Protoss 

Build Orders:  

Get SALT Encoding   

  12  0:00  SCV  
  13  0:13  SCV  
  14  0:17  Supply Depot  
  14  0:25  SCV  
  15  0:38  SCV  
  15  0:39  Refinery  
  16  0:46  Barracks  
  16  0:51  SCV  
  17  1:03  SCV  
  18  1:15  SCV  
  20  1:33  Orbital Command  
  20  1:34  Marine  
  20  1:49  Command Center  
  20  1:56  Barracks Reactor  
  20  1:59  Supply Depot  
  20  2:01  SCV  
  21  2:13  SCV  
  22  2:18  Refinery  
  22  2:25  SCV  
  23  2:32  Barracks  
  23  2:36  Factory  
  23  2:37  SCV  
  23  2:39  Marine  
  23  2:42  Marine  
  26  2:56  Barracks  
  26  3:00  Marine x2  
  26  3:01  SCV  
  29  3:20  Barracks Tech Lab  
  29  3:21  Starport  
  29  3:22  Factory Reactor  
  29  3:23  Marine  
  29  3:25  Marine  
  31  3:33  Orbital Command  
  31  3:40  SCV  
  31  3:41  Marine x2  
  32  3:47  Barracks Tech Lab  
  33  3:59  SCV  
  34  4:11  SCV  
  34  4:13  Combat Shields, Stimpack  
  34  4:15  Marine x3  
  38  4:17  Medivac  
  38  4:19  Medivac  
  38  4:21  Factory Tech Lab  
  38  4:23  SCV  
  43  4:25  Widow Mine  
  43  4:30  Engineering Bay  
  45  4:33  Marine  
  46  4:40  Supply Depot  
  46  4:48  Supply Depot  
  46  5:01  Liberator  
  46  5:02  SCV x2, Marine x4  
  52  5:11  Supply Depot  
  52  5:14  Factory Tech Lab, SCV x2  
  52  5:16  Supply Depot  
  52  5:19  Marine  
  58  5:22  Terran Infantry Weapons Level 1  
  58  5:26  SCV x2  
  58  5:44  SCV x2  
  58  5:48  Widow Mine  
  58  5:49  Missile Turret  
  62  5:51  Refinery  
  62  5:52  Concussive Shells  
  62  5:53  Marauder  
  62  5:55  Marine x2  
  62  5:56  SCV  
  67  6:00  SCV  
  68  6:08  SCV  
  69  6:14  SCV  
  69  6:15  Marine x3  
  69  6:17  Widow Mine  
  69  6:18  Marine  
  77  6:32  SCV  
  77  6:33  SCV  
  78  6:47  Supply Depot x2  
  78  6:59  Supply Depot x2  
  78  7:08  Medivac x2  
  78  7:09  Cyclone, Marine x2, Marauder x2  
  78  7:14  SCV x2  
  93  7:24  Terran Infantry Armor Level 1  
  93  7:26  Marine  
  93  7:28  Engineering Bay  
  94  7:30  Marauder  
  94  7:35  Command Center  
  94  7:57  Marine x3, SCV x2  
  94  7:58  Marauder  
  101  7:59  Siege Tank  
  101  8:00  Medivac x2  
  108  8:06  Supply Depot  
  108  8:07  Supply Depot  
  108  8:08  Supply Depot  
  105  8:13  Starport  
  105  8:16  Barracks x2  
  105  8:24  SCV x2  
  103  8:32  Marine x3  
  103  8:33  Marauder  
  108  8:49  Orbital Command  
  108  8:50  Armory  
  108  8:57  SCV  
  108  8:59  SCV  
  108  9:06  Refinery  
  108  9:07  Marine x2  
  108  9:09  SCV  
  110  9:10  Barracks Reactor  
  110  9:11  SCV  
  110  9:12  Starport Tech Lab  
  110  9:14  Barracks Reactor  
  110  9:18  Marine x2  
  110  9:19  Supply Depot  
  110  9:21  Widow Mine  
  110  9:22  Medivac x2  
  110  9:24  SCV x3  
  119  9:25  Marine  
  119  9:29  Refinery x2  
  122  9:36  SCV x3  
  125  9:39  Marine x2  
  125  9:41  Marauder  
  129  9:47  Command Center  
  129  9:48  SCV x2  
  117  9:55  SCV  
  117  10:00  SCV x2  
  117  10:03  Marine x6  
  117  10:04  Marauder  
  117  10:05  Siege Tank  
  130  10:10  SCV  
  131  10:20  Marine  
  131  10:21  Marine  
  129  10:25  Marine x6  
  133  10:37  Terran Infantry Weapons Level 2, Terran Infantry Armor Level 2, Marine  
  132  10:43  SCV  
  132  10:44  Marine x2, Marauder  
  137  10:50  Marine  
  137  10:51  Marine  
  137  10:53  Marine x2  
  137  10:54  Fusion Core  
  137  10:55  Marine  
  137  10:56  Terran Vehicle And Ship Armor Level 1  
  138  11:01  Marine  
  138  11:02  Marine  
  139  11:05  Marine  
  139  11:08  Marine x2, SCV x3  
  139  11:10  Planetary Fortress  
  139  11:11  Marine x2  
  146  11:13  Marine, Missile Turret  
  148  11:19  Marine x2  
  148  11:20  Siege Tank  
  148  11:22  Marine  
  154  11:26  Marine x2  
  154  11:28  Marine  
  154  11:29  Marine  
  154  11:31  Marine  
  159  11:34  Armory  
  159  11:37  Refinery, Marine x2  
  159  11:39  Refinery  
  161  11:40  Marine  
  161  11:44  Marine x2  
  161  11:45  Barracks  
  161  11:46  Marine x2  
  161  11:47  Starport Tech Lab  
  165  11:49  Marine  
  165  11:57  Marine  
  165  11:58  Marine x2  
  167  12:01  SCV  
  167  12:02  Marine, SCV  
  167  12:04  Supply Depot  
  167  12:06  Supply Depot, Marine  
  171  12:08  Supply Depot  
  171  12:11  Marine  
  172  12:21  Supply Depot  
  172  12:24  Supply Depot  
  172  12:25  SCV x4, Marine x2  
  172  12:26  Marauder  
  172  12:28  Battlecruiser  
  186  12:35  Marine x4  
  186  12:36  Marine, Marauder  
  193  12:38  SCV  
  193  12:43  Battlecruiser  
  185  13:11  SCV  
  185  13:12  SCV x2  
  186  13:16  Marine  
  186  13:17  Marine x4  
  191  13:32  Battlecruiser  
  197  13:36  Starport  
  197  13:38  Starport  
  187  13:47  Battlecruiser  
  187  13:48  SCV x3  
  196  13:57  Terran Vehicle And Ship Armor Level 2  
  196  13:58  Terran Ship Weapons Level 1  
  196  13:59  Command Center  
  196  14:12  Marine x2  
  196  14:13  Marine x2  
  200  14:34  Starport Tech Lab x2  
  200  14:43  Weapon Refit  
  200  14:47  High Capacity Fuel Tanks  
  181  15:33  Marine x2  
  181  15:35  Battlecruiser x3  
  195  15:57  Terran Ship Weapons Level 2  
  186  16:40  Battlecruiser x2  
  197  17:34  Marine  
Show
View Real Time Build Order
Export as new Build Order

Yata Terran 

Build Orders:  

Get SALT Encoding   

Show
View Real Time Build Order
Export as new Build Order

nani Terran 

Build Orders:  

Get SALT Encoding   

Tags
 
Add a new tag
Caveats
  • Supply blocks, unpowered buildings, or Contaminate may cause inaccurate times.
  • Supply counts are checked every 10 seconds.